 Dungeon Crawl Stone Soup version 0.25.1-2-g60ff931df9 (webtiles) character file.

Game seed: 14933907472321212964

1138 Delamore the Basher (level 8, -8/49 HPs)
             Began as a Gargoyle Fighter on Sept 8, 2020.
             Killed by divine providence
             ... invoked by an orc priest
              (9 damage)
             ... on level 6 of the Dungeon.
             The game lasted 00:05:38 (5264 turns).

Delamore the Basher (Gargoyle Fighter)              Turns: 5264, Time: 00:05:39

Health: -8/49      AC: 13    Str: 22    XL:     8   Next: 37%
Magic:  8/8        EV:  7    Int:  9    God:
Gold:   388        SH: 10    Dex:  9    Spells: 7/7 levels left

rFire    . . .     SeeInvis .   a - +0 flail
rCold    . . .     Gourm    .   c - +0 kite shield
rNeg     + . .     Faith    .   b - +0 scale mail
rPois    ∞         Spirit   .   (no helmet)
rElec    +         Reflect  .   (no cloak)
rCorr    .         Harm     .   s - +0 pair of gloves
MR       .....                  (no boots)
Stlth    ..........             (no amulet)
HPRegen  0.16/turn              (no ring)
MPRegen  0.11/turn              (no ring)

@: no status effects
A: negative energy resistance 1, electricity resistance, unbreathing,
petrification resistance, rot immunity, AC +5
a: no special abilities


You were on level 6 of the Dungeon.
You were not hungry.

You visited 1 branch of the dungeon, and saw 6 of its levels.
You also visited: Sewer.

You collected 438 gold pieces.
You spent 50 gold pieces at shops.

Inventory:

Hand Weapons
 a - a +0 flail (weapon)
Missiles
 i - 4 boomerangs
 n - 13 datura-tipped darts
 u - 6 silver javelins (quivered)
Armour
 b - a +0 scale mail (worn)
 c - a +0 kite shield (worn)
 s - a +0 pair of gloves (worn)
Jewellery
 v - a +6 ring of intelligence {unknown}
 x - a +6 ring of dexterity {unknown}
Scrolls
 e - 3 scrolls of random uselessness
 g - a scroll of identify
 h - a scroll of fear
 j - 2 scrolls of enchant armour
 l - a scroll of blinking
 q - a scroll of fog
 r - 2 scrolls of teleportation
Potions
 d - 3 potions of might
 k - a potion of stabbing {unknown}
 m - a potion of degeneration {unknown}
 p - a potion of lignification {unknown}
 t - 2 potions of haste {unknown}
 w - 2 potions of heal wounds
Comestibles
 f - 12 rations
 o - 2 chunks of flesh


   Skills:
 - Level 5.0 Fighting
 + Level 8.6 Maces & Flails
 - Level 3.2 Armour
 - Level 5.0 Shields


You had 7 spell levels left.
You didn't know any spells.
Your spell library contained the following spells:

 Spells                   Type           Power        Failure   Level  Hunger
 Confusing Touch          Hex            #.......     100%        3    ####...
 Gell's Gravitas          Tloc           #.........   100%        3    ####...
 Petrify                  Tmut/Erth      #.......     100%        4    #####..
 Metabolic Englaciation   Hex/Ice        #.........   100%        5    ######.
 Yara's Violent Unravell  Hex/Tmut       #.........   100%        5    ######.


Dungeon Overview and Level Annotations

Branches:
Dungeon (6/15)             Temple (0/1) D:6           Sewer (visited)

Altars:
Cheibriados
Makhleb
Qazlal

Shops:
D:5 !


Innate Abilities, Weirdness & Mutations

You are resistant to torment.
Your stone body is resilient. (AC +5)
You are immune to poison.
You resist negative energy. (rN+)
You are resistant to electric shocks. (rElec)
You can survive without breathing.
You are immune to petrification.
You are immune to rotting.


Message History

The orc priest invokes the aid of Beogh against you.
Beogh smites you!
You are too injured to fight recklessly!
You are too injured to fight recklessly!
You are too injured to fight recklessly!
You block the hound's attack. x2
You hit the hound.
The hound is moderately wounded.
The hound misses you. The hound barely misses you. The hound bites you.
The orc priest mumbles some strange prayers to Beogh against you.
Beogh smites you!
* * * LOW HITPOINT WARNING * * *
The hound bites you but does no damage. You block the orc's attack.
The orc priest mumbles some strange prayers to Beogh against you.
Beogh smites you!
* * * LOW HITPOINT WARNING * * *
The orc priest calls down the wrath of Beogh upon you.
Beogh smites you!
You die...

.... ......# #.#.
#.....# .....
......#
.......#.....#
.............#
...>...#.....##
.......o......#
......#@.....#
.....oh......#
.#.#.#o#o...### .#
........o...# ..#
...!...o....####.#
.................#
........##.......#
#.......##.......#
.......##......###


You could see an orc warrior, a hound, 2 orc priests and 3 orcs.

Vanquished Creatures
  Sigmund (D:2)
  A phantom (D:4)
  3 bullfrogs
  A scorpion (D:4)
  A crimson imp (D:5)
  A quasit (D:5)
  An orc priest (D:1)
  A hound (D:4)
  An orc wizard (D:2)
  A gnoll shaman (D:5)
  2 bullfrog skeletons
  3 worker ants
  A hound zombie (D:3)
  A hound skeleton (D:4)
  8 gnolls
  12 adders
  A shadow imp (D:5)
  An ooze (D:5)
  An adder skeleton (D:5)
  4 worms
  3 dart slugs (D:2)
  6 leopard geckos
  8 orcs
  11 giant cockroaches
  7 goblins
  7 hobgoblins
  4 quokkas
  6 ball pythons
  4 bats
  3 frilled lizards
  2 jackal skeletons
  10 kobolds
  A quokka skeleton (D:5)
  10 rats
128 creatures vanquished.

Notes
Turn   | Place    | Note
-------+----------+-------------------------------------------
     0 | D:1      | Delamore the Gargoyle Fighter began the quest for the Orb.
     0 | D:1      | Reached XP level 1. HP: 14/14 MP: 1/1
   386 | D:1      | Reached XP level 2. HP: 17/19 MP: 2/2
   966 | D:1      | Reached XP level 3. HP: 21/24 MP: 3/3
  1382 | D:2      | Reached skill level 3 in Maces & Flails
  1382 | D:2      | Reached XP level 4. HP: 27/29 MP: 4/4
  1496 | D:2      | Reached XP level 5. HP: 18/34 MP: 5/5
  1819 | D:2      | Found a snail-covered altar of Cheibriados.
  2308 | D:2      | Noticed Sigmund
  2316 | D:2      | Killed Sigmund
  2316 | D:2      | Reached skill level 5 in Fighting
  2316 | D:2      | Reached skill level 4 in Maces & Flails
  2316 | D:2      | Reached skill level 5 in Shields
  2316 | D:2      | Reached XP level 6. HP: 40/40 MP: 6/6
  2378 | D:2      | Found a stormy altar of Qazlal.
  2627 | D:3      | Reached skill level 5 in Maces & Flails
  2741 | D:3      | Reached XP level 7. HP: 38/44 MP: 7/7
  2758 | D:3      | Found a burning altar of Makhleb.
  2892 | D:3      | Found a glowing drain.
  2902 | Sewer    | Entered a sewer
  3192 | Sewer    | Reached skill level 6 in Maces & Flails
  4047 | D:4      | Reached skill level 7 in Maces & Flails
  4371 | D:5      | Entered Level 5 of the Dungeon
  4381 | D:5      | Found a stormy altar of Qazlal.
  4402 | D:5      | Reached XP level 8. HP: 43/49 MP: 8/8
  4435 | D:5      | Reached skill level 8 in Maces & Flails
  4939 | D:5      | Found Dicsof's Distillery.
  5035 | D:5      | Bought a potion of heal wounds for 50 gold pieces
  5248 | D:6      | Found a staircase to the Ecumenical Temple.
  5264 | D:6      | HP: 1/49 [orc priest/divine providence (11)]
  5264 | D:6      | Killed from afar by an orc priest

Illustrated notes

Levels and vault maps discovered:
D:1:      minmay_arrival_shattered_statue, layout_basic
D:2:      layout_basic, kennysheep_slug_shrine, grunt_qazlal_clouds,
          uniq_sigmund
D:3:      layout_basic, lemuel_crystal_altar, cheibrodos_sewer_entry_drain
D:4:      layout_rooms, first_ration
D:5:      layout_basic, lemuel_doored_altar, serial_shops,
          nicolae_shop_window_shopping
D:6:      gammafunk_wand_slinger, layout_basic, minmay_temple_entry_glass,
          chequers_serial_rivers_room_b, fedhas_altar_decomposition,
          uniq_duvessa

Skill      XL: |  1  2  3  4  5  6  7  8 |
---------------+-------------------------+-----
Fighting       | 4 5 |  5.0
Shields        | 4 5 |  5.0
Maces & Flails | 3 4 5 7 8 |  8.6
Armour         | |  3.2

Action                   |  1- 3 |  4- 6 |  7- 9 || total
-------------------------+-------+-------+-------++-------
Melee: Flail             |    59 |   164 |   299 ||   522
Throw: Javelin           |       |     6 |     6 ||    12
       Boomerang         |       |       |     3 ||     3
  Use: Scroll            |       |     4 |     2 ||     6
  Eat: Chunk             |     1 |     5 |     9 ||    15
Armor: Scale mail        |    33 |    80 |   193 ||   306
Dodge: Dodged            |    17 |    65 |   107 ||   189
Block: Kite shield       |    24 |    93 |   171 ||   288
